 Dungeon Crawl Stone Soup version 0.20.1-1-g8b1a95d (webtiles) character file.

13596 KromesxD the Cleaver (level 11, 0/102 HPs)
             Began as a Minotaur Berserker on Nov 28, 2017.
             Was a High Priest of Trog.
             Slain by a skeletal warrior
             ... wielding a +0 trident
              (14 damage)
             ... on level 11 of the Dungeon.
             The game lasted 00:31:27 (11849 turns).

KromesxD the Cleaver (Minotaur Berserker)          Turns: 11849, Time: 00:31:28

Health: 0/102      AC: 15    Str: 26    XL:     11   Next: 77%
Magic:  10/10      EV: 12    Int:  7    God:    Trog [*****.]
Gold:   725        SH:  5    Dex: 10    Spells: 10/10 levels left

rFire    . . .     SeeInvis .   L - +2 hand axe (venom)
rCold    . . .     Gourm    .   C - +0 buckler
rNeg     . . .     Faith    .   j - +0 chain mail
rPois    .         Spirit   .   B - +2 hat
rElec    .         Reflect  .   (no cloak)
rCorr    .         Harm     .   n - +0 pair of gloves
MR       .....                  (no boots)
Stlth    ..........             (no amulet)
Regen    0.3/turn               r - +4 ring of strength
MPRegen  0.2/turn               u - +2 ring of slaying

@: berserk cooldown, slowed, very slow
A: retaliatory headbutt, horns 2
a: Berserk, Trog's Hand, Brothers in Arms, Burn Spellbooks, Renounce Religion


You were on level 11 of the Dungeon.
You worshipped Trog.
Trog was extremely pleased with you.
You were near starving.

You visited 1 branch of the dungeon, and saw 12 of its levels.

You collected 725 gold pieces.

Inventory:

Hand Weapons
 k - a +1 war axe of freezing
 w - a +1 broad axe of electrocution
 F - a +0 broad axe
 L - a +2 hand axe of venom (weapon)
Missiles
 S - 8 tomahawks (quivered)
 V - 2 javelins of penetration
 Z - an exploding tomahawk
Armour
 j - a +0 chain mail (worn)
 n - a +0 pair of gloves (worn)
 s - a +0 plate armour
 B - a +2 hat (worn)
 C - a +0 buckler (worn)
Jewellery
 r - a +4 ring of strength (left hand)
 u - a +2 ring of slaying (right hand)
 P - an uncursed ring of protection from magic
Wands
 a - a wand of scattershot (4/9)
 h - a wand of polymorph (9/24)
 z - a wand of random effects (28/48)
 T - a wand of digging (8/24)
 X - a wand of confusion (23/48)
Scrolls
 e - 5 scrolls of remove curse
 f - 3 scrolls of fear {unknown}
 g - 3 scrolls of enchant armour {unknown}
 o - 5 scrolls of teleportation
 p - 3 scrolls of immolation {unknown}
 q - 3 scrolls of noise {unknown}
 y - 3 scrolls of blinking {unknown}
 G - a scroll of fog {unknown}
 M - a scroll of vulnerability {unknown}
 N - 2 scrolls of random uselessness {unknown}
 O - 2 scrolls of enchant weapon {unknown}
 W - a scroll of amnesia {unknown}
Potions
 b - 3 potions of brilliance {unknown}
 d - 2 potions of magic
 l - 2 potions of heal wounds
 t - 3 potions of mutation
 v - 4 potions of might
 A - 3 potions of ambrosia {unknown}
 D - 3 potions of agility
 E - 2 potions of curing
 H - a potion of berserk rage
 J - 3 potions of haste
 K - a potion of flight
 R - a potion of invisibility {unknown}
Comestibles
 c - 11 bread rations
 i - 7 royal jellies
 m - 11 meat rations
 I - 6 fruits


   Skills:
 + Level 11.0 Fighting
 * Level 12.1 Axes
 - Level 6.6 Throwing
 - Level 10.0 Armour
 - Level 8.9 Dodging
 - Level 5.1 Shields


You had 10 spell levels left.
You didn't know any spells.

Dungeon Overview and Level Annotations

Branches:
Dungeon (12/15)            Temple (0/1) D:4            Lair (0/6) D:11
    Orc (0/2) D:9

Altars:
Ashenzari
Cheibriados
Dithmenos
Elyvilon
Gozag
Hepliaklqana
Makhleb
Nemelex Xobeh
Okawaru
Ru
Sif Muna
Zin
The Shining One

Shops:
D:10 (


Innate Abilities, Weirdness & Mutations

You reflexively headbutt those who attack you in melee.
You have a pair of horns on your head.


Message History

You climb upwards.
You feel a strong urge to attack something.
There is a stone staircase leading down here.
The skeletal warrior hits you but does no damage.
You feel your anger subside.
You are no longer berserk.
You are exhausted.
You feel yourself slow down. The skeletal warrior barely misses you.
The skeletal warrior hits you but does no damage.
The skeletal warrior closely misses you.
The skeletal warrior hits you but does no damage.
The skeletal warrior hits you from afar with a trident!
* * * LOW HITPOINT WARNING * * *
You feel much better.
The skeletal warrior hits you but does no damage.
The skeletal warrior completely misses you.
The skeletal warrior hits you but does no damage.
The skeletal warrior hits you from afar with a trident!
* * * LOW HITPOINT WARNING * * *
The skeletal warrior hits you from afar with a trident!
You die...

#รท######## ##.#...........#.#
#.##.....# ##....####.##.#.#.##
#.##.###.###.....####..........
#.##.##..............###.#.####
#........#####.#.###.###.#.#
####.....# #.#.# #.......#
####### #.#.#######.###
#.#.........# #@###########
#.##.......# #z##.#####.#
#z##.# #.#
################.##.### #.#
#............z........# #.#
#.#######.######.##.#.###.###
#.# #.# ##...#.#.......# #.#
#.# #......#####.#.#


You could see 2 skeletal warriors.

Vanquished Creatures
  A death knight (D:11)
  3 two-headed ogres
  An unseen horror (D:11)
  2 kobold demonologists (D:12)
  A troll (D:10)
  A merfolk (D:9)
  5 slime creatures (D:11)
  Prince Ribbit (D:5)
  4 hippogriffs
  2 wyverns
  5 yaks (D:10)
  2 wargs (D:11)
  Edmund (D:6)
  A swamp drake (D:9)
  4 phantoms
  6 orc warriors
  3 ice beasts (D:9)
  An eye of draining (D:9)
  3 ogres
  10 centaurs
  2 big kobolds (D:12)
  Blork the orc (D:4)
  A gnoll sergeant (D:10)
  5 bullfrogs
  A wyvern zombie (D:5)
  4 scorpions
  5 wights (D:6)
  10 killer bees
  A howler monkey (D:4)
  6 electric eels
  2 bullfrog zombies
  2 centaur zombies
  A crimson imp (D:11)
  5 hounds
  3 bullfrog skeletons
  A jelly (D:6)
  A quasit (D:9)
  3 orc priests
  14 orc wizards
  3 iguanas
  8 worker ants
  A killer bee zombie (D:6)
  A hound zombie (D:9)
  3 hound skeletons
  A worker ant zombie (D:9)
  23 gnolls
  13 adders
  4 shadow imps (D:7)
  An adder zombie (D:9)
  2 adder skeletons
  5 worms
  4 dart slugs
  8 leopard geckos
  43 orcs
  3 ball pythons
  8 bats
  3 giant cockroaches
  30 goblins
  33 hobgoblins
  4 jackals (D:2)
  6 kobolds
  5 quokkas
  4 frilled lizards
  A goblin skeleton (D:7)
  3 hobgoblin zombies (D:7)
  A kobold skeleton (D:7)
  2 kobold zombies (D:7)
  A leopard gecko skeleton (D:5)
  A leopard gecko zombie (D:7)
  An orc zombie (D:7)
  2 quokka skeletons
  10 rats
363 creatures vanquished.

Vanquished Creatures (collateral kills)
  An ogre (D:5)
  A crimson imp (D:5)
  A centaur skeleton (D:5)
  An adder (D:5)
4 creatures vanquished.

Vanquished Creatures (others)
  An orc (D:6)
1 creature vanquished.

Grand Total: 368 creatures vanquished

Notes
Turn   | Place    | Note
-------+----------+-------------------------------------------
     0 | D:1      | KromesxD the Minotaur Berserker began the quest for the Orb.
     0 | D:1      | Reached XP level 1. HP: 19/19 MP: 0/0
    80 | D:1      | Reached XP level 2. HP: 27/27 MP: 1/1
    87 | D:1      | Reached skill level 4 in Axes
   446 | D:2      | Reached XP level 3. HP: 34/34 MP: 2/2
   577 | D:2      | Reached ** piety under Trog
   877 | D:2      | Found a sparkling altar of Nemelex Xobeh.
   882 | D:2      | Reached XP level 4. HP: 41/41 MP: 3/3
   885 | D:2      | Found a burning altar of Makhleb.
   944 | D:2      | Reached skill level 5 in Fighting
  1103 | D:3      | Reached skill level 5 in Axes
  1334 | D:3      | Found a glowing silver altar of Zin.
  1334 | D:3      | Noticed an angel
  1490 | D:3      | Found an iron altar of Okawaru.
  1518 | D:3      | Reached XP level 5. HP: 21/48 MP: 4/4
  1922 | D:3      | Reached *** piety under Trog
  1995 | D:4      | Noticed a phantom
  2008 | D:4      | Killed a phantom
  2008 | D:4      | Reached skill level 6 in Axes
  2008 | D:4      | Reached XP level 6. HP: 50/57 MP: 5/5
  2201 | D:4      | Noticed Blork the orc
  2211 | D:4      | Killed Blork the orc
  2469 | D:4      | Found a sacrificial altar of Ru.
  2495 | D:4      | Reached skill level 7 in Axes
  2507 | D:4      | Found a staircase to the Ecumenical Temple.
  2608 | D:4      | Reached XP level 7. HP: 66/66 MP: 6/6
  3019 | D:5      | Entered Level 5 of the Dungeon
  3187 | D:5      | Reached skill level 8 in Axes
  3191 | D:5      | Reached **** piety under Trog
  3229 | D:5      | Reached XP level 8. HP: 32/77 MP: 7/7
  3464 | D:5      | Noticed Prince Ribbit
  3851 | D:5      | Killed Prince Ribbit
  3851 | D:5      | Reached skill level 9 in Axes
  4694 | D:6      | Reached skill level 10 in Fighting
  4694 | D:6      | Reached skill level 10 in Axes
  4778 | D:6      | Reached skill level 1 in Shields
  4934 | D:6      | Reached XP level 9. HP: 35/85 MP: 8/8
  5155 | D:6      | Noticed Edmund
  5163 | D:6      | Killed Edmund
  5561 | D:6      | Found a hazy altar of Hepliaklqana.
  5729 | D:6      | Reached ***** piety under Trog
  5865 | D:6      | Received a gift from Trog
  6307 | D:7      | Found a glowing golden altar of the Shining One.
  6405 | D:7      | Reached skill level 5 in Shields
  6445 | D:7      | Found a snail-covered altar of Cheibriados.
  6662 | D:7      | Reached skill level 5 in Armour
  6976 | D:8      | Noticed a two-headed ogre
  6985 | D:8      | Killed a two-headed ogre
  6985 | D:8      | Reached skill level 5 in Dodging
  6990 | D:8      | Reached XP level 10. HP: 67/93 MP: 9/9
  7279 | D:8      | Noticed a two-headed ogre
  7288 | D:8      | Killed a two-headed ogre
  7478 | D:8      | Found a deep blue altar of Sif Muna.
  7505 | D:8      | Found a white marble altar of Elyvilon.
  7742 | D:9      | Found a shattered altar of Ashenzari.
  7795 | D:9      | Reached skill level 10 in Armour
  8017 | D:9      | Found a shadowy altar of Dithmenos.
  8399 | D:9      | Found a staircase to the Orcish Mines.
  9033 | D:9      | Reached skill level 1 in Throwing
  9104 | D:9      | Found an opulent altar of Gozag.
  9196 | D:10     | Entered Level 10 of the Dungeon
  9309 | D:10     | Found Fata's Weapon Shoppe.
  9635 | D:10     | Reached XP level 11. HP: 72/99 MP: 10/10
  9644 | D:10     | Received a gift from Trog
  9902 | D:10     | Reached skill level 5 in Throwing
 10419 | D:11     | Found a staircase to the Lair.
 10591 | D:11     | Noticed a two-headed ogre
 10601 | D:11     | Killed a two-headed ogre
 10601 | D:11     | Received a gift from Trog
 10649 | D:11     | Killed an unseen horror
 10816 | D:11     | Noticed a death knight
 10826 | D:11     | Killed a death knight
 11170 | D:11     | Reached skill level 11 in Axes
 11404 | D:12     | Reached skill level 12 in Axes
 11500 | D:12     | Found a labyrinth entrance.
 11508 | D:12     | Noticed a skeletal warrior
 11511 | D:12     | Noticed a skeletal warrior
 11512 | D:12     | Noticed a skeletal warrior
 11514 | D:12     | Noticed a skeletal warrior
 11849 | D:11     | Slain by a skeletal warrior

Skill      XL: |  1  2  3  4  5  6  7  8  9 10 11 |
---------------+----------------------------------+-----
Fighting       | 4 5 6 7 8 10 11 | 11.0
Axes           | 4 5 6 7 8 10 12 | 12.1
Shields        | 2 5 |  5.1
Armour         | 3 8 10 | 10.0
Dodging        | 5 8 |  8.9
Throwing       | 4 6 |  6.6

Action                   |  1- 3 |  4- 6 |  7- 9 | 10-12 || total
-------------------------+-------+-------+-------+-------++-------
Melee: Hand axe          |    84 |    90 |   228 |   329 ||   731
       Headbutt          |    12 |    27 |    61 |   105 ||   205
       Battleaxe         |       |    19 |       |       ||    19
       Broad axe         |       |       |    89 |     9 ||    98
       War axe           |       |       |       |     3 ||     3
Throw: Tomahawk          |       |       |       |    20 ||    20
Invok: Berserk           |       |     2 |     6 |     4 ||    12
       Brothers in Arms  |       |       |     1 |       ||     1
  Use: Scroll            |       |     2 |     6 |     4 ||    12
       Potion            |       |       |       |     4 ||     4
 Stab: Sleeping          |     1 |       |       |       ||     1
  Eat: Chunk             |       |     6 |    18 |    18 ||    42
       Fruit             |       |       |     1 |       ||     1
       Royal jelly       |       |       |     1 |       ||     1
Armor: Chain mail        |    41 |    17 |    18 |   124 ||   200
       Animal skin       |    10 |       |       |       ||    10
       Plate armour      |       |    53 |   136 |       ||   189
Dodge: Dodged            |    40 |    47 |   124 |   149 ||   360
Block: Buckler           |       |       |    30 |    71 ||   101
